 Dungeon Crawl Stone Soup version 0.17-a0-1181-gabc46e6 (webtiles) character file.

203962 Chiseanne the Ninja (level 17, -1/74 HPs)
             Began as a Spriggan Assassin on May 31, 2015.
             Was an Initiate of Gozag.
             Slain by a spriggan defender
             ... wielding a +2 demon whip of freezing
              (5 damage)
             ... on level 1 of the Vaults.
             The game lasted 04:15:46 (41972 turns).

Chiseanne the Ninja (Spriggan Assassin)            Turns: 41972, Time: 04:15:46

Health: -1/74      AC: 21    Str:  8    XL:     17   Next: 49%
Magic:  26/26      EV: 47    Int: 11    God:    Gozag
Gold:   2585       SH:  0    Dex: 30    Spells: 2 memorised, 11 levels left

rFire  + + +     SeeInvis +     d - +6 scimitar of Flaming Death {sticky flame, rPois rF++ rC- MR+}
rCold  . . .     Clarity  .     X - +5 swamp dragon armour
rNeg   + . .     SustAt   .     (shield restricted)
rPois  +         Gourm    .     V - +1 hat
rElec  .         Spirit   .     I - -1 cloak of Oblivion {rF+ rC+ Int-3}
rCorr  .         Warding  +     (gloves unavailable)
rMut   .         Stasis   .     (boots unavailable)
MR     +++..                    b - brooch of Shielding {Ward rN+ AC+4 EV+4}
Stlth  ++++++++++               D - ring of the Octopus King {Wiz AC+1 EV+1 Str+1 Int+1 Dex+1}
                                L - ring of invisibility

@: agile, very slightly contaminated, hasted, invisible, very quick, extremely
resistant to hostile enchantments, uncannily stealthy
A: unfitting armour, see invisible, herbivore 3, speed 3, slow metabolism 2,
subdued magic 1
a: Potion Petition, Call Merchant, Bribe Branch, Renounce Religion, Turn Visible
}: 2/15 runes: decaying, gossamer


You were on level 1 of the Vaults.
You worshipped Gozag.
Gozag was noncommittal.
You were very full.

You visited 6 branches of the dungeon, and saw 36 of its levels.
You also visited: Bailey and Ice Cave.

You collected 16672 gold pieces.
You spent 9691 gold pieces at shops.
You paid 4396 gold pieces to Gozag.

Inventory:

Hand weapons
 a - the +3 rapier "Elec" {flame, Str+3}
   (You found it on level 12 of the Dungeon)

   It has been specially enchanted to burn those struck by it, causing extra
   injury to most foes and up to half again as much damage against particularly
   susceptible opponents.
   It affects your strength (+3).
 d - the +6 scimitar of Flaming Death (weapon) {sticky flame, rPois rF++ rC- MR+}
   (You bought it in a shop on level 12 of the Dungeon)

   It has been specially enchanted to burn those struck by it, causing extra
   injury to most foes and up to half again as much damage against particularly
   susceptible opponents.
   Big, fiery blades are also staple armaments of hydra-hunters.
   It greatly protects you from fire.
   It makes you vulnerable to cold.
   It protects you from poison.
   It affects your resistance to hostile enchantments.
 e - a +7 hand crossbow of evasion
 q - the +1 hand crossbow "Norip" {elec, rElec rF+ rC- MR+ Int+3}
   (You bought it in a shop on level 13 of the Dungeon)

   It charges the ammunition it shoots with electricity; occasionally upon a
   hit, such missiles may discharge and cause terrible harm.
   It affects your intelligence (+3).
   It protects you from fire.
   It makes you vulnerable to cold.
   It insulates you from electricity.
   It affects your resistance to hostile enchantments.
 r - the +6 arbalest of Kocweett {speed, rC+ Str+3 Dex+5 Stlth-}
   (You found it on level 5 of the Lair of Beasts)

   Attacks with this weapon are significantly faster.
   It affects your strength (+3).
   It affects your dexterity (+5).
   It protects you from cold.
   It makes you less stealthy.
 w - a +0 blowgun of evasion
Missiles
 f - 25 curare-tipped needles
 h - 7 bolts of penetration
 m - 2 throwing nets (quivered)
 G - 241 bolts
 N - 2 poisoned bolts
Armour
 I - the -1 cloak of Oblivion (worn) {rF+ rC+ Int-3}
   (You found it in a bailey)

   It affects your intelligence (-3).
   It protects you from fire.
   It protects you from cold.
 V - a +1 hat (worn)
 X - a +5 swamp dragon armour (worn)
Jewellery
 b - the brooch of Shielding (around neck) {Ward rN+ AC+4 EV+4}
   (You bought it in a shop on level 7 of the Dungeon)

   [amulet of warding]

   It may prevent the melee attacks of summoned creatures.
   It affects your AC (+4).
   It affects your evasion (+4).
   It protects you from negative energy.
 t - a +3 ring of slaying
 D - a ring of the Octopus King (right hand) {Wiz AC+1 EV+1 Str+1 Int+1 Dex+1}
   (You found it on level 5 of the Dungeon)

   [ring of wizardry]

   It improves your spell success rate.
   It affects your AC (+1).
   It affects your evasion (+1).
   It affects your strength (+1).
   It affects your intelligence (+1).
   It affects your dexterity (+1).
 L - a ring of invisibility (left hand)
 P - an uncursed ring of teleportation
Magical devices
 l - a wand of confusion (1)
 p - a wand of teleportation (9)
 s - a wand of fire (5)
 u - a wand of paralysis (9)
 y - a wand of heal wounds (5)
 A - a wand of disintegration (2)
 O - a wand of paralysis (7)
 R - a wand of digging (7)
Scrolls
 c - a scroll of enchant weapon
 j - 7 scrolls of remove curse
 v - 7 scrolls of identify
 x - 10 scrolls of teleportation
 J - 4 scrolls of recharging
 K - 3 scrolls of blinking
 Q - a scroll of summoning
 S - 2 scrolls of fear
 T - 8 scrolls of fog
 Y - 3 scrolls of magic mapping
Potions
 i - 3 potions of might
 k - a potion of heal wounds
 o - 14 potions of curing
 B - 2 potions of haste
 C - 2 potions of cancellation
 F - 3 potions of resistance
 M - a potion of invisibility
 W - 4 potions of agility
Miscellaneous
 z - a stone of tremors
 E - a plain deck of defence
 H - a box of beasts {used: 4}
 U - a fan of gales
 Z - a phial of floods
Comestibles
 g - 13 bread rations


   Skills:
 - Level 2.2 Fighting
 - Level 15.0 Short Blades
 - Level 2.1 Throwing
 - Level 10.1 Armour
 + Level 21.6 Dodging
 O Level 27 Stealth
 - Level 11.6 Evocations


You had 11 spell levels left.
You knew the following spells:

 Your Spells              Type           Power        Failure   Level  Hunger
a - Stoneskin             Trmt/Erth      #.......     58%         2    ###....
b - Passwall              Trmt/Erth      #.........   86%         3    ####...


Dungeon Overview and Level Annotations

Branches:
Dungeon (15/15)            Temple (0/1) D:5            Lair (8/8) D:9
  Swamp (4/4) Lair:4       Spider (4/4) Lair:3        Slime (0/6) Lair:7
    Orc (4/4) D:11            Elf (0/3) Orc:4        Vaults (1/5) D:13
 Depths (0/5) D:15

Altars:
Cheibriados
Fedhas
Gozag
Makhleb
Nemelex Xobeh
Okawaru
Ru
Sif Muna
Trog
Xom
Yredelemnul
Zin
The Shining One
Beogh
Jiyva

Shops:
D:4 =   D:7 =   D:9 **?!   D:12 ==((%   D:13 (   D:14 (   D:15 [   Orc:1 }
Orc:4 }=(?   Vaults:2 [

Portals:
Trove: D:10 (show abyssal rune of Zot)

Annotations:
D:6 ohyou's ghost, experienced DsMo
Lair:5 exclusion: orange crystal statue
Vaults:1 Louise; Wiglaf


Innate Abilities, Weirdness & Mutations

You are tiny and cannot use many weapons and most armour.
You have supernaturally acute eyesight.
You are a herbivore.
You cover ground extremely quickly.
You need consume almost no food.
Your spells are a little easier to cast, but a little less powerful.


Message History

The spriggan defender is lightly wounded.
The spriggan defender hits you with a demon whip of freezing!
* * * LOW HITPOINT WARNING * * *
The spriggan defender freezes you.
* * * LOW HITPOINT WARNING * * *
Drink which item? (? for menu, Esc to quit)
You feel much better. The spriggan defender misses you.
You completely miss the spriggan defender.
The spriggan defender is lightly wounded.
The spriggan defender hits you with a demon whip of freezing!!
* * * LOW HITPOINT WARNING * * *
The spriggan defender freezes you.
* * * LOW HITPOINT WARNING * * *
Drink which item? (? for menu, Esc to quit)
You feel much better.
The spriggan defender hits you with a demon whip of freezing!!
* * * LOW HITPOINT WARNING * * *
The spriggan defender freezes you.
You die...
Your body crumbles into a pile of gold.

###....##...........'..........#
###..##...........#.....}=..)#
#...#########++########'#####
##..# #...# #....... #..# #...#
#....... #..# #...# #....... ####
#...# #....... ##.#.# #..i....
### #######i@..#######.......
###.## #....$$#....)))..#.......
.....# #......#....#.)))#.......
....## #....#.#))..)..).'.......
##''########...####'#############
##.....## #..>..i.## #.......##
#....#..# .........###.......#
..)..(....######...#


You could see a spriggan defender.

Vanquished Creatures
  A ghost moth (Spider:4)
  4 emperor scorpions
  2 spriggan defenders (Vaults:1)
  An ironheart preserver (Vaults:1)
  2 rakshasas (D:15)
  Azrael (D:12)
  2 fire dragons
  Harold (Orc:1)
  26 hydras
  2 ice dragons (IceCv)
  An entropy weaver (Spider:3)
  The ghost of aleksiL the Pannier, a powerful DsFE of Nemelex Xobeh (Orc:3)
  A deep troll shaman (Vaults:1)
  2 catoblepae (Lair:8)
  8 centaur warriors
  An ogre mage (Vaults:1)
  An alligator (Swamp:2)
  11 death yaks (Lair:8)
  2 orc high priests
  Urug (Orc:1)
  4 spriggans
  2 fire crabs
  Sonja (D:14)
  3 skeletal warriors (D:13)
  A fire crab (shapeshifter) (D:15)
  A deep elf knight (D:13)
  A spriggan druid (Swamp:4)
  5 swamp dragons
  4 shambling mangroves (Swamp:3)
  An unseen horror (shapeshifter) (Vaults:1)
  2 ice statues (IceCv)
  A death drake (shapeshifter) (D:15)
  Pikel (D:7)
  5 hill giants
  4 deep trolls
  4 ironbrand convokers (Vaults:1)
  2 unseen horrors
  A mana viper (shapeshifter) (D:15)
  A lindwurm (Lair:8)
  4 griffons
  10 orb spiders
  7 hornets
  19 ugly things
  An orb spider (shapeshifter) (Vaults:1)
  4 cyclopes
  2 orc sorcerers (Orc:4)
  4 orc knights
  12 wolf spiders
  Maurice (Orc:1)
  8 elephants (Lair:8)
  2 moths of wrath
  6 black mambas
  3 manticores
  3 centaur zombies
  Psyche (D:12)
  3 centaur skeletons (D:14)
  A gargoyle (D:7)
  2 torpor snails
  2 vault sentinels (Vaults:1)
  11 komodo dragons
  A spiny frog (shapeshifter) (D:13)
  14 spiny frogs
  8 demonic crawlers
  2 fire drakes
  6 jumping spiders
  A fire drake (shapeshifter) (D:14)
  An efreet (D:13)
  A yaktaur (shapeshifter) (D:15)
  3 wandering mushrooms (D:9)
  2 polar bears (D:11)
  A tengu conjurer (D:14)
  2 wind drakes (shapeshifter) (D:13)
  A jumping spider (shapeshifter) (D:13)
  4 trolls
  A giant leech (Swamp:2)
  4 two-headed ogres
  12 blink frogs
  7 ravens
  3 wyverns
  12 redbacks
  7 bog bodies
  A centaur simulacrum (D:15)
  29 slime creatures
  67 yaks
  2 deep elf magi
  2 hogs (D:11)
  10 trapdoor spiders
  A shadow (D:15)
  2 wraiths
  A steam dragon (Lair:6)
  2 water elementals (D:13)
  4 tarantellas
  2 basilisks
  12 vampire mosquitoes
  7 wolves
  2 hungry ghosts (D:12)
  5 swamp worms
  4 wargs
  3 insubstantial wisps (Swamp:1)
  2 mottled dragons
  A soldier ant (shapeshifter) (D:14)
  9 hippogriffs
  24 water moccasins
  11 porcupines
  4 hell hounds (D:12)
  2 eyes of draining
  3 sky beasts
  4 swamp drakes
  36 orc warriors
  6 black bears
  7 spiders
  23 ice beasts
  8 wasps
  A slave (D:7)
  20 centaurs
  2 phantoms
  4 boggarts (D:15)
  17 ogres
  13 crocodiles
  2 necrophages (D:11)
  2 big kobolds
  A gnoll sergeant (D:8)
  31 giant frogs
  A wyvern zombie (D:11)
  A wyvern skeleton (D:13)
  24 killer bees
  5 electric eels
  3 wights (D:15)
  44 orc priests
  A giant frog skeleton (D:5)
  11 iguanas
  2 jellies
  2 quasits (D:7)
  Ijyb (D:2)
  9 crimson imps
  7 hounds
  31 orc wizards
  Jessica (D:2)
  12 worker ants
  Natasha (thrice) (D:2)
  A worker ant (shapeshifter) (D:15)
  4 sheep
  A hound zombie (D:6)
  2 hound skeletons
  3 worker ant zombies
  58 river rats
  5 adders
  7 gnolls
  4 shadow imps
  4 oozes
  2 adder skeletons
  6 worms
  8 giant geckos
  168 orcs
  4 ball pythons
  34 goblins
  25 hobgoblins
  7 jackals
  23 kobolds
  14 bats
  5 giant cockroaches
  A giant cockroach zombie (D:5)
  A giant gecko skeleton (D:4)
  6 giant newts
  2 jackal skeletons
  3 quokkas
  2 quokka skeletons
  31 rats
  A butterfly (Lair:1)
  2 fungi
  A plant (Lair:6)
1296 creatures vanquished.

Vanquished Creatures (collateral kills)
  A rakshasa (D:15)
  An orb spider (Spider:4)
  2 orc sorcerers (Orc:4)
  A demonic crawler (Spider:4)
  A human (D:11)
  2 orc warriors
  A wasp (Spider:4)
  4 orc wizards (Orc:4)
  3 orc priests
  5 orcs
21 creatures vanquished.

Vanquished Creatures (others)
  A water elemental (D:15)
  A boggart (D:15)
  A centaur simulacrum (D:13)
  3 chimeras (Spider:4)
  Grum (D:8)
  2 slaves (D:8)
  2 orc warriors (Orc:4)
  2 centaurs (D:14)
  A crimson imp (D:8)
  A hound (D:13)
  2 orc priests (Orc:4)
  2 orc wizards (Orc:4)
  An iguana (D:9)
  A gnoll (D:8)
  An adder skeleton (D:8)
  A rat (D:8)
  A fungus (Lair:8)
24 creatures vanquished.

Grand Total: 1341 creatures vanquished

Notes
Turn   | Place    | Note
--------------------------------------------------------------
     0 | D:1      | Chiseanne the Spriggan Assassin began the quest for the Orb.
     0 | D:1      | Reached XP level 1. HP: 10/10 MP: 2/2
    11 | D:1      | Reached skill level 6 in Stealth
   198 | D:1      | Reached XP level 2. HP: 9/14 MP: 3/3
   517 | D:1      | Reached skill level 7 in Stealth
  1040 | D:1      | Reached XP level 3. HP: 18/18 MP: 4/4
  1164 | D:1      | Found a sparkling altar of Nemelex Xobeh.
  1290 | D:2      | Noticed Ijyb
  1357 | D:2      | Killed Ijyb
  1393 | D:2      | Reached skill level 8 in Stealth
  1393 | D:2      | Reached XP level 4. HP: 20/22 MP: 5/5
  1404 | D:2      | Noticed Natasha
  1429 | D:2      | Killed Natasha
  1658 | D:2      | Noticed Jessica
  1665 | D:2      | Killed Jessica
  1674 | D:2      | Reached XP level 5. HP: 25/25 MP: 6/6
  1687 | D:2      | Found a sacrificial altar of Ru.
  1704 | D:2      | Reached skill level 9 in Stealth
  1705 | D:2      | Noticed Natasha
  1724 | D:2      | Killed Natasha
  1736 | D:2      | Noticed Natasha
  1755 | D:2      | Killed Natasha
  1982 | D:2      | Found a snail-covered altar of Cheibriados.
  2141 | D:2      | Found a deep blue altar of Sif Muna.
  2509 | D:3      | Found a glowing golden altar of the Shining One.
  2764 | D:4      | Noticed a phantom
  2827 | D:4      | Found Hefumaom's Jewellery Shop.
  2863 | D:4      | Bought a cursed -2 ring of slaying for 20 gold pieces
  2863 | D:4      | Bought a cursed ring of loudness for 45 gold pieces
  3050 | D:4      | Reached skill level 10 in Stealth
  3050 | D:4      | Reached XP level 6. HP: 30/30 MP: 7/7
  3154 | D:4      | Found an opulent altar of Gozag.
  3159 | D:4      | Became a worshipper of Gozag Ym Sagoz the Greedy
  3254 | D:4      | Got a bloodstained flail
  3255 | D:4      | Identified the +2 flail of Pupt {freeze, rPois Int+4} (You found it on level 4 of the Dungeon)
  3393 | D:4      | Noticed an ogre
  3432 | D:4      | Killed an ogre
  3654 | D:4      | Bought an uncursed amulet of clarity for 200 gold pieces
  3671 | D:5      | Entered Level 5 of the Dungeon
  3671 | D:5      | Found a burning altar of Makhleb.
  3690 | D:5      | Reached skill level 5 in Dodging
  3735 | D:5      | Reached skill level 11 in Stealth
  3735 | D:5      | Reached skill level 1 in Evocations
  3816 | D:5      | Reached XP level 7. HP: 33/33 MP: 7/9
  3952 | D:5      | Got a ring of the Octopus King
  3971 | D:5      | Identified a ring of the Octopus King {Wiz AC+1 EV+1 Str+1 Int+1 Dex+1} (You found it on level 5 of the Dungeon)
  4046 | D:5      | Found a staircase to the Ecumenical Temple.
  4378 | D:5      | Reached skill level 12 in Stealth
  4916 | D:6      | Found an iron altar of Okawaru.
  4949 | D:6      | Found a blossoming altar of Fedhas.
  5013 | D:6      | Reached XP level 8. HP: 37/37 MP: 9/11
  5117 | D:4      | Bought an uncursed ring of protection from magic for 250 gold pieces
  5287 | D:6      | Noticed ohyou's ghost (experienced DsMo)
  5819 | D:6      | Reached skill level 13 in Stealth
  6244 | D:7      | Noticed a gargoyle
  6247 | D:7      | Killed a gargoyle
  6445 | D:4      | Bought an uncursed ring of invisibility for 300 gold pieces
  6705 | D:7      | Reached skill level 5 in Evocations
  6779 | D:7      | Reached XP level 9. HP: 41/41 MP: 12/14
  6901 | D:7      | Got a scorched hand axe
  6902 | D:7      | Identified the +11 hand axe of Ripopotuj {drain, Dex+2} (You found it on level 7 of the Dungeon)
  6931 | D:7      | Found Rudaby's Jewellery Shoppe.
  6953 | D:7      | Bought a cursed -2 ring of intelligence for 24 gold pieces
  6953 | D:7      | Bought a cursed amulet of inaccuracy for 24 gold pieces
  6996 | D:7      | Found a bloodstained altar of Trog.
  7560 | D:8      | Noticed Grum
  7759 | D:8      | Noticed Pikel
  7791 | D:7      | Killed Pikel
  7791 | D:7      | Reached skill level 10 in Evocations
  7842 | D:8      | Learned a level 2 spell: Stoneskin
  7886 | D:8      | Killed Grum
  8108 | D:8      | Learned a level 3 spell: Passwall
  8444 | D:9      | Found Tiykh's Assorted Antiques.
  8450 | D:9      | Bought a scroll of identify for 54 gold pieces
  8450 | D:9      | Bought a scroll of teleportation for 81 gold pieces
  8450 | D:9      | Bought a runed bone wand for 108 gold pieces
  8468 | D:9      | Found a shimmering altar of Xom.
  8524 | D:9      | Found a glowing silver altar of Zin.
  8626 | D:9      | Reached skill level 14 in Stealth
  8626 | D:9      | Reached XP level 10. HP: 44/46 MP: 19/19
  8650 | D:9      | Reached skill level 10 in Dodging
  8662 | D:9      | Found a basalt altar of Yredelemnul.
  8852 | D:9      | Found a staircase to the Lair.
  8947 | Lair:1   | Entered Level 1 of the Lair of Beasts
  9341 | Lair:1   | Reached skill level 15 in Stealth
  9594 | Lair:1   | Reached skill level 5 in Short Blades
  9847 | Lair:1   | Noticed an eight-headed hydra
  9854 | Lair:1   | Killed an eight-headed hydra
 10032 | Lair:1   | Reached skill level 10 in Short Blades
 10156 | Lair:1   | Reached XP level 11. HP: 50/50 MP: 20/20
 10464 | D:9      | Found Xaef's Magic Scroll Shop.
 10557 | D:9      | Found Qysul's Distillery.
 10610 | D:9      | Found Nunkecenn's Assorted Antiques.
 10705 | D:7      | Bought the brooch of Shielding {Ward rN+ AC+4 EV+4} for 667 gold pieces
 11043 | D:9      | Bought a scroll of identify for 30 gold pieces
 11043 | D:9      | Bought a scroll of identify for 30 gold pieces
 11469 | D:9      | Noticed a five-headed hydra
 11473 | D:9      | Noticed a fire crab
 11473 | D:9      | Noticed a centaur warrior
 11477 | D:9      | Killed a five-headed hydra
 11482 | D:9      | Noticed a fire dragon
 11491 | D:9      | Killed a fire crab
 11496 | D:9      | Killed a fire dragon
 11511 | D:9      | Killed a centaur warrior
 11665 | D:9      | Noticed a centaur warrior
 11676 | D:9      | Killed a centaur warrior
 11744 | D:9      | Bought a scroll labeled ERGHIV HATEDA for 25 gold pieces
 11744 | D:9      | Bought a scroll of fog for 50 gold pieces
 11768 | D:9      | Reached skill level 15 in Short Blades
 11856 | D:7      | Bought a +3 ring of slaying for 540 gold pieces
 11856 | D:7      | Bought a +2 ring of evasion for 120 gold pieces
 12017 | D:9      | Bought a scroll of enchant weapon for 112 gold pieces
 12080 | D:10     | Entered Level 10 of the Dungeon
 12160 | D:10     | Found a portal to a secret trove of treasure.
 12211 | D:10     | Reached skill level 1 in Armour
 13056 | D:11     | Reached XP level 12. HP: 54/54 MP: 21/21
 13090 | D:11     | Found a staircase to the Orcish Mines.
 13223 | D:11     | Found a blossoming altar of Fedhas.
 13358 | D:11     | Found a huge runed gate.
 13359 | D:11     | Found a huge runed gate.
 13360 | D:11     | Found a huge runed gate.
 13361 | D:11     | Found a huge runed gate.
 13811 | D:11     | Reached skill level 5 in Armour
 14369 | D:9      | Bought 3 scrolls of blinking for 337 gold pieces
 14369 | D:9      | Bought a scroll of identify for 30 gold pieces
 14369 | D:9      | Bought a scroll of blinking for 112 gold pieces
 14369 | D:9      | Bought a scroll of enchant weapon for 112 gold pieces
 14369 | D:9      | Bought a scroll of remove curse for 45 gold pieces
 14369 | D:9      | Bought 2 scrolls of remove curse for 90 gold pieces
 14369 | D:9      | Bought a scroll of magic mapping for 52 gold pieces
 14724 | D:9      | Bought a potion of curing for 42 gold pieces
 14724 | D:9      | Bought a potion of curing for 42 gold pieces
 14832 | Orc:1    | Entered Level 1 of the Orcish Mines
 14901 | Orc:1    | Noticed Maurice
 14930 | Orc:1    | Killed Maurice
 15122 | Orc:1    | Noticed Harold
 15124 | Orc:1    | Found Yloffymp's Gadget Boutique.
 15141 | Orc:1    | Killed Harold
 15211 | Orc:1    | Found a roughly hewn altar of Beogh.
 15286 | Orc:1    | Noticed Urug
 15292 | Orc:1    | Killed Urug
 15672 | D:9      | Bought 2 potions of berserk rage for 140 gold pieces
 15672 | D:9      | Bought a potion of cure mutation for 490 gold pieces
 15952 | Orc:2    | Found a flagged portal.
 15988 | Bailey   | Entered a bailey
 16218 | Bailey   | Got a fine cloak
 16236 | Bailey   | Identified the cursed -1 cloak of Oblivion {rF+ rC+ Int-3} (You found it in a bailey)
 16325 | Orc:2    | Found a frozen archway.
 16329 | IceCv    | Entered an ice cave
 16898 | IceCv    | Noticed an ice dragon
 16898 | IceCv    | Noticed an ice dragon
 16999 | IceCv    | Killed an ice dragon
 17007 | IceCv    | Killed an ice dragon
 17060 | IceCv    | Got a slimy graven amulet
 17084 | IceCv    | Identified the amulet of Opsesib {Gourm MR- Int+4 Dex+2} (You found it in an ice cave)
 17560 | D:9      | Bought a scroll of enchant armour for 202 gold pieces
 17560 | D:9      | Bought a phial of floods for 1080 gold pieces
 17560 | D:9      | Bought a metal-bound book for 405 gold pieces
 17961 | Orc:1    | Bought a wand of confusion (19) for 204 gold pieces
 18083 | Orc:3    | Reached XP level 13. HP: 58/58 MP: 22/22
 18084 | Orc:3    | Noticed aleksiL's ghost (powerful DsFE)
 18111 | Orc:3    | Killed aleksiL's ghost
 18963 | D:9      | Bought a potion of haste for 140 gold pieces
 19021 | D:9      | Bought a hardcover book for 375 gold pieces
 19135 | Orc:1    | Bought a wand of heal wounds (5) for 702 gold pieces
 19166 | Orc:4    | Entered Level 4 of the Orcish Mines
 19545 | Orc:4    | Found a staircase to the Elven Halls.
 20000 | Orc:4    | Found Izatsiarph's Jewellery Shop.
 20000 | Orc:4    | Found Xaosoada's Magic Scroll Boutique.
 20000 | Orc:4    | Found Olaor's Antique Weapon Boutique.
 20134 | Orc:4    | Reached skill level 10 in Armour
 20159 | Orc:4    | Found Roaw's Gadget Shop.
 20369 | Orc:4    | Bought a cursed -2 ring of strength for 28 gold pieces
 20376 | Orc:4    | Bought a scroll of summoning for 123 gold pieces
 20376 | Orc:4    | Bought a scroll of identify for 26 gold pieces
 20376 | Orc:4    | Bought a scroll of holy word for 97 gold pieces
 20376 | Orc:4    | Bought a scroll of brand weapon for 260 gold pieces
 20376 | Orc:4    | Bought a scroll of enchant armour for 97 gold pieces
 20376 | Orc:4    | Bought a scroll of teleportation for 39 gold pieces
 20376 | Orc:4    | Bought a scroll of teleportation for 39 gold pieces
 22803 | Lair:3   | Found a hole to the Spider Nest.
 22897 | Lair:3   | Reached skill level 16 in Stealth
 23547 | Lair:4   | Found a staircase to the Swamp.
 24057 | Lair:5   | Got a shimmering arbalest
 24058 | Lair:5   | Identified the +6 arbalest of Kocweett {speed, rC+ Str+3 Dex+5 Stlth-} (You found it on level 5 of the Lair of Beasts)
 24251 | Lair:5   | Reached skill level 17 in Stealth
 24438 | Lair:5   | Reached XP level 14. HP: 63/63 MP: 23/23
 24831 | Lair:5   | Identified Sif Muna's Compendium of Cold
 25992 | Lair:7   | Found a viscous altar of Jiyva.
 25992 | Lair:7   | Found a staircase to the Slime Pits.
 26064 | Lair:7   | Reached skill level 18 in Stealth
 26080 | Lair:7   | Reached skill level 15 in Dodging
 27090 | Lair:8   | Entered Level 8 of the Lair of Beasts
 27289 | Lair:8   | Reached skill level 19 in Stealth
 28063 | Lair:8   | Reached skill level 20 in Stealth
 28524 | Lair:8   | Reached XP level 15. HP: 66/66 MP: 22/24
 29568 | D:12     | Found Liagrabb's Antique Weapon Shop.
 29618 | D:12     | Found Cismoti's Weapon Shop.
 29643 | D:12     | Noticed Psyche
 29650 | D:12     | Killed Psyche
 29728 | D:12     | Found Ninaigh's Food Emporium.
 29731 | D:12     | Bought a bread ration for 60 gold pieces
 29731 | D:12     | Bought a bread ration for 60 gold pieces
 29731 | D:12     | Bought a bread ration for 60 gold pieces
 29731 | D:12     | Bought a bread ration for 60 gold pieces
 29731 | D:12     | Bought a bread ration for 60 gold pieces
 29731 | D:12     | Bought a slice of pizza for 18 gold pieces
 29731 | D:12     | Bought 5 fruits for 90 gold pieces
 29789 | D:12     | Noticed Azrael
 29805 | D:12     | Killed Azrael
 30060 | D:12     | Found a roughly hewn altar of Beogh.
 30174 | D:12     | Found Zodgh's Jewellery Emporium.
 30201 | D:12     | Bought a cursed -2 ring of dexterity for 28 gold pieces
 30260 | D:12     | Reached skill level 21 in Stealth
 30338 | D:12     | Got a bloodstained rapier
 30339 | D:12     | Identified the cursed +3 rapier "Elec" {flame, Str+3} (You found it on level 12 of the Dungeon)
 30448 | D:12     | Found Borrol's Jewellery Shop.
 30659 | D:13     | Found Ama Nen's Antique Weapon Emporium.
 30664 | D:13     | Bought a slimy hand crossbow for 246 gold pieces
 30664 | D:13     | Bought a warped long sword for 246 gold pieces
 30665 | D:13     | Identified the +3 long sword of the Special Songs {slice, rPois Str+5} (You bought it in a shop on level 13 of the Dungeon)
 30667 | D:13     | Identified the +1 hand crossbow "Norip" {elec, rElec rF+ rC- MR+ Int+3} (You bought it in a shop on level 13 of the Dungeon)
 30808 | D:13     | Found a gate to the Vaults.
 31413 | D:14     | Noticed Sonja
 31422 | D:14     | Killed Sonja
 31700 | D:14     | Found a blossoming altar of Fedhas.
 32132 | D:14     | Found an opulent altar of Gozag.
 32227 | D:14     | Reached skill level 22 in Stealth
 32457 | D:14     | Found Asun Dal's Weapon Emporium.
 32633 | D:15     | Entered Level 15 of the Dungeon
 32647 | D:15     | Found Abeeng's Armour Shop.
 34307 | D:15     | Found a staircase to the Depths.
 34956 | D:12     | Bought the +6 scimitar of Flaming Death {sticky flame, rPois rF++ rC- MR+} for 774 gold pieces
 35164 | Swamp:1  | Entered Level 1 of the Swamp
 35204 | Swamp:1  | Reached skill level 23 in Stealth
 35204 | Swamp:1  | Reached XP level 16. HP: 68/70 MP: 23/25
 36039 | Swamp:2  | Reached skill level 24 in Stealth
 36357 | Swamp:4  | Entered Level 4 of the Swamp
 36455 | Swamp:4  | Reached skill level 25 in Stealth
 36463 | Swamp:4  | Got a decaying rune of Zot
 36654 | Swamp:4  | Gained mutation: Your spells are a little easier to cast, but a little less powerful. [mutagenic glow]
 37138 | Spider:1 | Entered Level 1 of the Spider Nest
 37780 | Spider:2 | Identified the Handbook of Transmutation
 38021 | Spider:3 | Reached skill level 26 in Stealth
 38279 | Spider:4 | Entered Level 4 of the Spider Nest
 38751 | Spider:4 | Reached XP level 17. HP: 62/74 MP: 26/26
 38774 | Spider:4 | Reached skill level 27 in Stealth
 39230 | Spider:4 | Got a gossamer rune of Zot
 40002 | Vaults:1 | Entered Level 1 of the Vaults
 41887 | Vaults:1 | Noticed Louise
 41888 | Vaults:1 | Noticed Wiglaf
 41972 | Vaults:1 | Slain by a spriggan defender

Vault maps used:
D:1:      dpeg_arrival_simpleton_b, nemelex_xobeh_ov_fountains_minmay
D:2:      nicolae_ru_great_annihilating_truth, cheibriados_altar_1,
          lemuel_round_altar, minmay_misc_feat_pillars,
          hangedman_feature_mirror, uniq_jessica, uniq_natasha, uniq_iyjb
D:3:      tso_metal_star
D:4:      minmay_opposing_rooms, kennysheep_little_box, serial_shops, shop
D:5:      overflow_temple_1_default, minmay_temple_entry_from_below_a,
          first_bread
D:6:      old_standard_altar, minmay_liquid_box, okawaru_gym_becter
D:7:      overflow_temple_1_default, serial_shops, shop, grunt_ogre_cave,
          st_stairs_6
D:8:      item_on_display_a, uniq_grum, uniq_pikel
D:9:      minmay_klotski, nicolae_overflow_crystal_walls,
          overflow_temple_1_default, lemuel_coloured_pillars_altar,
          serial_shops, shop_statue, shop, nicolae_shop_behind_doors,
          nicolae_shop_competitors_out_of_business, fungi_pond_lemuel,
          dk_rats_in_the_wall
D:10:     nicolae_trove_entry_free_sample
D:11:     lemuel_bear_cage, erik_orc_4, basic_altar, hive_lemuel
D:12:     special_room, serial_shops, shop, shop, kennysheep_mini, shop,
          nicolae_shop_crystal, uniq_psyche, uniq_azrael
D:13:     david_vaults_2, minivault_14, minivault_12
D:14:     fedhas_altar_2, grunt_ministairs_13,
          nicolae_gozag_cash_rules_everything_around_me, uniq_sonja
D:15:     gammafunk_enter_depths_forms, minmay_misc_feat_rows
Lair:1:   lemuel_fruit_fields
Lair:2:   beast_lair_carwin_6
Lair:3:   dummy_spider_entry
Lair:4:   swamp_mist_pool
Lair:5:   statuecave_lemuel
Lair:6:   pond
Lair:7:   dpeg_slime_entry_enclosed_altar, grunt_megastairs_3, lemuel_fruit_tree
Lair:8:   hangedman_lair_in_review, grunt_forest_small_clearings, st_stairs_9
Swamp:1:  evilmike_swamp_ruin_house_6
Swamp:2:  nicolae_swamp_trees_clearing
Swamp:3:  nicolae_swamp_round_clearing, swamp_pool5
Swamp:4:  swamp_alternative
Spider:3: nicolae_orb_stairs
Spider:4: guppyfry_spider_rune
Orc:1:    basic_altar, serial_shops, shop, nicolae_orc_flooded_monolith,
          uniq_harold, uniq_urug, uniq_maurice
Orc:2:    enter_bailey_3, portal_ice_cave_entry_pillars_03
Orc:3:    minmay_goldmine, nicolae_orc_pool_cavern
Orc:4:    st_orc_mages
Vaults:1: dpeg_vaults_monster_row, vaults_dpeg_spiral, ontoclasm_vaults_pinch,
          vaults_mumra_chevron, nicolae_vaults_little_squares_1, v_misc_26,
          ontoclasm_vaults_misaligned, nicolae_vaults_diagonal_hallway_8,
          nicolae_vaults_three_branches, hangedman_vaults_variations,
          nicolae_vaults_alarming, vaults_mumra_hex,
          ontoclasm_vaults_ring_large, sword_in_stone, serial_shops,
          nicolae_shop_waterfront
Bailey:   bailey_polearm_4, bailey
IceCv:    ice_cave_small_dragons

Action                   |  1- 3 |  4- 6 |  7- 9 | 10-12 | 13-15 | 16-18 || total
-------------------------+-------+-------+-------+-------+-------+-------++-------
Melee: Dagger            |    88 |   120 |   107 |    51 |     2 |       ||   368
       Flail             |       |     9 |   115 |     7 |       |       ||   131
       Hand axe          |       |       |    21 |   212 |   315 |       ||   548
       Short sword       |       |       |       |   330 |   583 |       ||   913
       Rapier            |       |       |       |       |   391 |   301 ||   692
       Scimitar          |       |       |       |       |       |   246 ||   246
 Fire: Blowgun           |    12 |    29 |    17 |     1 |       |       ||    59
       Hand crossbow     |       |     5 |   147 |   206 |    72 |       ||   430
       Arbalest          |       |       |       |       |   142 |    44 ||   186
Throw: Tomahawk          |       |       |     1 |     3 |       |       ||     4
       Throwing net      |       |       |       |       |     1 |       ||     1
Invok: Call Merchant     |       |       |       |       |     4 |       ||     4
       Potion Petition   |       |       |       |       |       |     2 ||     2
 Abil: Evoke Invisibilit |       |       |       |    13 |    33 |    24 ||    70
Evoke: Wand              |       |       |     1 |    18 |    56 |    14 ||    89
       Phial of floods   |       |       |       |       |     1 |       ||     1
       Box of beasts     |       |       |       |       |       |     6 ||     6
  Use: Scroll            |     5 |    10 |     7 |    21 |    10 |     8 ||    61
       Potion            |       |       |     2 |     3 |     3 |    10 ||    18
 Stab: Sleeping          |    14 |    27 |    28 |    63 |   206 |    90 ||   428
       Distracted        |     1 |     2 |     1 |    13 |    19 |    10 ||    46
       Paralysed         |       |     1 |       |       |       |       ||     1
       Invisible         |       |       |       |    75 |   116 |    87 ||   278
       Confused          |       |       |       |       |     6 |     2 ||     8
       Held in net/web   |       |       |       |       |       |     1 ||     1
  Eat: Bread ration      |       |     1 |       |     2 |     2 |     1 ||     6
       Fruit             |       |       |     2 |     4 |    17 |    15 ||    38
       Pizza             |       |       |       |       |     3 |       ||     3
       Royal jelly       |       |       |       |       |     1 |       ||     1
